[Event "ESP-chT Honor Division 2022"]
[Site "Linares"]
[Date "2022.09.17"]
[Round "1.23"]
[White "Ibarra Jerez, Jose Carlos"]
[Black "Sos Andreu, Eric"]
[Result "1/2-1/2"]
[ECO "B10"]
[WhiteElo "2570"]
[BlackElo "2358"]
[Annotator "ChessBase"]
[PlyCount "107"]
[EventDate "2022.09.17"]
[EventType "team-tourn"]
[EventCountry "ESP"]
[SourceTitle "playchess.com"]
[Source "ChessBase"]
[SourceQuality "1"]
[TimeControl "5400+30"]

1. e4 c6 2. Nf3 d5 3. d3 dxe4 4. dxe4 Qxd1+ 5. Kxd1 Nf6 6. Nbd2 g6 7. Ne5 Nbd7 8. Nd3 Bh6 9. f3 O-O 10. a4 a5 11. b3 b6 12. Ba3 Re8 13. c3 Ba6 14. Kc2 e5 15. g3 Bf8 16. Nb2 Bxf1 17. Rhxf1 b5 18. Bxf8 Kxf8 19. Ra2 Nc5 20. Rfa1 Rad8 21. axb5 cxb5 22. Rxa5 Rxd2+ 23. Kxd2 Nxb3+ 24. Kc2 Nxa1+ 25. Rxa1 Nd7 26. Ra7 Nc5 27. Ra5 Rb8 28. h4 Ke7 29. Nc4 Nd7 30. Ne3 Kd6 31. Nd5 Nc5 32. Ne3 h5 33. Ra7 Rb7 34. Ra8 Ke6 35. Re8+ Kd6 36. Rd8+ Rd7 37. Rb8 Rb7 38. Ra8 Ke6 39. Rc8 Kd6 40. Nd5 Ra7 41. Nb4 Rc7 42. Rb8 Rb7 43. Ra8 Rc7 44. Nd5 Rb7 45. Kd2 Nb3+ 46. Ke3 Nc5 47. g4 hxg4 48. fxg4 f5 49. Rd8+ Rd7 50. Rxd7+ Nxd7 51. h5 f4+ 52. Kf3 g5 53. h6 Nf8 54. Nf6 1/2-1/2

[Event "ESP-chT Honor Division 2022"]
[Site "Linares"]
[Date "2022.09.17"]
[Round "1.24"]
[White "Garcia Martin, Marta"]
[Black "Batsiashvili, Nino"]
[Result "1/2-1/2"]
[ECO "B01"]
[WhiteElo "2325"]
[BlackElo "2477"]
[Annotator "ChessBase"]
[PlyCount "136"]
[EventDate "2022.09.17"]
[EventType "team-tourn"]
[EventCountry "ESP"]
[SourceTitle "playchess.com"]
[Source "ChessBase"]
[SourceQuality "1"]
[TimeControl "5400+30"]

1. e4 d5 2. exd5 Qxd5 3. Nf3 Nf6 4. d4 Bg4 5. Be2 e6 6. h3 Bh5 7. O-O Nc6 8. c4 Qd7 9. Be3 Be7 10. Nc3 Rd8 11. g4 Bg6 12. Qa4 Ne4 13. Rfd1 O-O 14. Nxe4 Bxe4 15. Qb3 Nb4 16. Rac1 a5 17. Ne5 Qe8 18. Bf4 f6 19. Nf3 e5 20. Bg3 Qc6 21. c5+ Bd5 22. Bc4 e4 23. Bxd5+ Nxd5 24. Nd2 f5 25. gxf5 Bg5 26. Rc2 Bxd2 27. Rcxd2 Rxf5 28. Qc2 Re8 29. Re1 Nb4 30. Qc4+ Kf8 31. d5 Rxd5 32. Rxd5 Qxd5 33. Qxd5 Nxd5 34. c6 bxc6 35. Rc1 e3 36. fxe3 Rxe3 37. Kf2 Re6 38. Rc5 Ke7 39. Rxa5 g5 40. Ra8 Rf6+ 41. Ke2 Rh6 42. Rg8 Rxh3 43. Rxg5 Kf6 44. Rg8 h5 45. Rf8+ Kg5 46. Kf2 h4 47. Be5 Rh1 48. Rf7 Rc1 49. Kg2 Ne3+ 50. Kh3 Rh1+ 51. Bh2 Nf1 52. Rg7+ Kf5 53. Kg2 Rxh2+ 54. Kxf1 Rxb2 55. Rxc7 h3 56. Kg1 Rc2 57. a4 Ke5 58. Rh7 Ra2 59. Rh5+ Kd4 60. Rxh3 Kc4 61. Kf1 Rd2 62. Ke1 Rd5 63. a5 Kb5 64. Rc3 c5 65. Ra3 Kb4 66. Ra1 Rh5 67. Kd2 Rh2+ 68. Ke3 Rh7 1/2-1/2

[Event "ESP-chT Honor Division 2022"]
[Site "Linares"]
[Date "2022.09.18"]
[Round "2.1"]
[White "Shirov, Alexei"]
[Black "Van Foreest, Jorden"]
[Result "0-1"]
[ECO "D41"]
[WhiteElo "2673"]
[BlackElo "2691"]
[Annotator "ChessBase"]
[PlyCount "93"]
[EventDate "2022.09.17"]
[EventType "team-tourn"]
[EventCountry "ESP"]
[SourceTitle "playchess.com"]
[Source "ChessBase"]
[SourceQuality "1"]
[TimeControl "5400+30"]

1. d4 Nf6 2. Nf3 d5 3. c4 e6 4. Nc3 c5 5. cxd5 cxd4 6. Nxd4 Nxd5 7. Bd2 Be7 8. e3 O-O 9. Be2 Nb6 10. O-O e5 11. Nb3 a5 12. a4 Be6 13. Bg4 f5 14. Bh3 Bc4 15. e4 f4 16. Nd5 Nxd5 17. Be6+ Kh8 18. exd5 Bxf1 19. Qxf1 Na6 20. Bxa5 b6 21. Bc3 Nc7 22. Bg4 Bd6 23. Bf3 Qe8 24. Nd2 Rxa4 25. Rxa4 Qxa4 26. Nc4 Bc5 27. Nxe5 Nb5 28. Nd7 Re8 29. Nxc5 bxc5 30. h3 Nxc3 31. bxc3 Qc2 32. Qb5 Re1+ 33. Kh2 Qb1 34. Qxb1 Rxb1 35. h4 Kg8 36. Kh3 Rc1 37. Kg4 Rxc3 38. Kxf4 c4 39. Be4 Rc1 40. Ke3 Kf7 41. Bxh7 Rd1 42. Be4 c3 43. f3 Rd2 44. f4 Ke7 45. h5 Kd6 46. Bf3 Rd4 47. Kxd4 0-1

[Event "ESP-chT Honor Division 2022"]
[Site "Linares"]
[Date "2022.09.18"]
[Round "2.2"]
[White "Nihal Sarin"]
[Black "Alekseenko, Kirill"]
[Result "1/2-1/2"]
[ECO "C50"]
[WhiteElo "2677"]
[BlackElo "2707"]
[Annotator "ChessBase"]
[PlyCount "76"]
[EventDate "2022.09.17"]
[EventType "team-tourn"]
[EventCountry "ESP"]
[SourceTitle "playchess.com"]
[Source "ChessBase"]
[SourceQuality "1"]
[TimeControl "5400+30"]

1. e4 e5 2. Nf3 Nc6 3. Bc4 Nf6 4. d3 Bc5 5. Nc3 h6 6. h3 d6 7. Na4 Bb6 8. a3 O-O 9. O-O Re8 10. b4 Be6 11. Bxe6 Rxe6 12. c4 Ne7 13. Nxb6 axb6 14. a4 c6 15. Re1 Ng6 16. Bd2 d5 17. Qb3 dxe4 18. dxe4 Rd6 19. Be3 Rd3 20. Qc2 Qd7 21. Rad1 Rxd1 22. Rxd1 Qc7 23. c5 bxc5 24. Bxc5 Rd8 25. Rxd8+ Qxd8 26. g3 Qd7 27. Kg2 Qe6 28. Be3 Nd7 29. b5 cxb5 30. axb5 Nf6 31. Qc7 Qd7 32. Qxd7 Nxd7 33. Nd2 Ngf8 34. Nc4 Ne6 35. f4 f6 36. Nd6 b6 37. Nc4 Nc7 38. Nxb6 Nxb6 1/2-1/2

[Event "ESP-chT Honor Division 2022"]
[Site "Linares"]
[Date "2022.09.18"]
[Round "2.3"]
[White "Korobov, Anton"]
[Black "Hakobyan, Aram"]
[Result "1/2-1/2"]
[ECO "A28"]
[WhiteElo "2671"]
[BlackElo "2611"]
[Annotator "ChessBase"]
[PlyCount "63"]
[EventDate "2022.09.17"]
[EventType "team-tourn"]
[EventCountry "ESP"]
[SourceTitle "playchess.com"]
[Source "ChessBase"]
[SourceQuality "1"]
[TimeControl "5400+30"]

1. c4 Nf6 2. Nc3 e5 3. Nf3 Nc6 4. e4 Bb4 5. d3 d6 6. a3 Bc5 7. b4 Bb6 8. Be3 Bg4 9. Be2 Bxf3 10. Bxf3 Nd4 11. O-O O-O 12. g3 a5 13. b5 Nxf3+ 14. Qxf3 Bxe3 15. Qxe3 c6 16. Rab1 Re8 17. bxc6 bxc6 18. Rb7 d5 19. Qc5 Qc8 20. Rfb1 d4 21. Na4 Qh3 22. f3 h5 23. Nb6 h4 24. Nxa8 hxg3 25. R7b2 gxh2+ 26. Rxh2 Qxf3 27. Nc7 Qe3+ 28. Kh1 Qf3+ 29. Rg2 Qh3+ 30. Kg1 Qe3+ 31. Kh1 Qh3+ 32. Kg1 1/2-1/2

[Event "ESP-chT Honor Division 2022"]
[Site "Linares"]
[Date "2022.09.18"]
[Round "2.4"]
[White "Arizmendi Martinez, Julen Luis"]
[Black "Alonso Rosell, Alvar"]
[Result "1/2-1/2"]
[ECO "C78"]
[WhiteElo "2488"]
[BlackElo "2564"]
[Annotator "ChessBase"]
[PlyCount "66"]
[EventDate "2022.09.17"]
[EventType "team-tourn"]
[EventCountry "ESP"]
[SourceTitle "playchess.com"]
[Source "ChessBase"]
[SourceQuality "1"]
[TimeControl "5400+30"]

1. e4 e5 2. Nf3 Nc6 3. Bb5 a6 4. Ba4 Nf6 5. O-O Bc5 6. c3 O-O 7. d4 Ba7 8. dxe5 Nxe4 9. Qd5 Nc5 10. Bc2 Ne7 11. Qc4 d5 12. exd6 Qxd6 13. Rd1 Qc6 14. b4 Ne6 15. Na3 b5 16. Qe4 Qxe4 17. Bxe4 Rb8 18. Ng5 Ng6 19. Nc2 Re8 20. Bc6 Rd8 21. Rxd8+ Nxd8 22. Be4 Bb7 23. Be3 Bxe3 24. Nxe3 h6 25. Bxb7 Nxb7 26. Nf3 Nf4 27. Kf1 a5 28. g3 Ne6 29. a4 axb4 30. cxb4 bxa4 31. Rxa4 Nd6 32. Nd5 c5 33. bxc5 Nxc5 1/2-1/2

[Event "ESP-chT Honor Division 2022"]
[Site "Linares"]
[Date "2022.09.18"]
[Round "2.5"]
[White "Henderson de La Fuente, Lance"]
[Black "Sos Andreu, Eric"]
[Result "1-0"]
[ECO "B10"]
[WhiteElo "2504"]
[BlackElo "2358"]
[Annotator "ChessBase"]
[PlyCount "95"]
[EventDate "2022.09.17"]
[EventType "team-tourn"]
[EventCountry "ESP"]
[SourceTitle "playchess.com"]
[Source "ChessBase"]
[SourceQuality "1"]
[TimeControl "5400+30"]

1. e4 c6 2. Nf3 d5 3. d3 dxe4 4. dxe4 Qxd1+ 5. Kxd1 Nf6 6. Nbd2 g6 7. Ne1 Bh6 8. f3 O-O 9. Nd3 Rd8 10. a4 a5 11. Nc4 Bxc1 12. Kxc1 Be6 13. Ne3 Na6 14. Nf4 Nc7 15. h4 Nd7 16. Bc4 Nc5 17. Rd1 Rxd1+ 18. Kxd1 Bd7 19. Nd3 Nxd3 20. cxd3 e5 21. g3 Kf8 22. f4 f6 23. Kd2 Ke7 24. h5 exf4 25. gxf4 g5 26. f5 Be8 27. d4 Rd8 28. Kc3 b5 29. Bb3 Rd7 30. Re1 Bxh5 31. Rh1 Bf3 32. Rxh7+ Kd8 33. Rh8+ Ke7 34. Rh7+ Kd8 35. Rh8+ Ke7 36. e5 b4+ 37. Kd3 fxe5 38. f6+ Kxf6 39. Rf8+ Kg6 40. Rxf3 Rxd4+ 41. Ke2 e4 42. Bf7+ Kg7 43. Rf5 Rd8 44. Bc4 Kg6 45. Rxa5 Ne8 46. Rc5 Rd6 47. a5 Nf6 48. a6 1-0

[Event "ESP-chT Honor Division 2022"]
[Site "Linares"]
[Date "2022.09.18"]
[Round "2.6"]
[White "Garcia Martin, Marta"]
[Black "Cramling, Pia"]
[Result "1-0"]
[ECO "B30"]
[WhiteElo "2325"]
[BlackElo "2468"]
[Annotator "ChessBase"]
[PlyCount "83"]
[EventDate "2022.09.17"]
[EventType "team-tourn"]
[EventCountry "ESP"]
[SourceTitle "playchess.com"]
[Source "ChessBase"]
[SourceQuality "1"]
[TimeControl "5400+30"]

1. e4 c5 2. Nf3 Nc6 3. Bb5 e6 4. O-O Nge7 5. d4 cxd4 6. Nxd4 Qb6 7. Nxc6 bxc6 8. Bd3 Ng6 9. c4 Bc5 10. Nc3 Qc7 11. Na4 Bd4 12. c5 O-O 13. Re1 Rb8 14. Be3 Bxe3 15. Rxe3 Rb4 16. Qc2 e5 17. Bc4 d6 18. a3 Rb8 19. g3 Kh8 20. Rd1 dxc5 21. Nxc5 Qe7 22. Bf1 f5 23. exf5 Bxf5 24. Bd3 Bg4 25. Rde1 Qd6 26. Be4 Ne7 27. Qc3 Qd4 28. b4 Rbd8 29. Qxd4 exd4 30. Rd3 Bf5 31. f3 Ng6 32. Bxf5 Rxf5 33. f4 Rf6 34. Re4 Nf8 35. Rexd4 Rxd4 36. Rxd4 h6 37. Nd7 Nxd7 38. Rxd7 a5 39. bxa5 Rf5 40. a6 Ra5 41. a7 Kh7 42. f5 1-0

[Event "ESP-chT Honor Division 2022"]
[Site "Linares"]
[Date "2022.09.18"]
[Round "2.7"]
[White "Cheparinov, Ivan"]
[Black "Fedoseev, Vladimir"]
[Result "1-0"]
[ECO "B12"]
[WhiteElo "2686"]
[BlackElo "2685"]
[Annotator "ChessBase"]
[PlyCount "119"]
[EventDate "2022.09.17"]
[EventType "team-tourn"]
[EventCountry "ESP"]
[SourceTitle "playchess.com"]
[Source "ChessBase"]
[SourceQuality "1"]
[TimeControl "5400+30"]

1. e4 c6 2. d4 d5 3. e5 c5 4. Nf3 cxd4 5. Nxd4 Nc6 6. Nxc6 bxc6 7. Bd3 e6 8. Nd2 Ne7 9. O-O Ng6 10. Nf3 Be7 11. g3 O-O 12. h4 f6 13. exf6 Bxf6 14. Re1 Qb6 15. h5 Nh8 16. Bf4 Nf7 17. h6 gxh6 18. Qd2 e5 19. Nxe5 Bxe5 20. Rxe5 Nxe5 21. Bxe5 c5 22. Re1 Rf7 23. b4 Bd7 24. bxc5 Qxc5 25. Bd4 Qd6 26. Re5 Re8 27. Rh5 Qe6 28. Kg2 Kf8 29. Rxh6 Qg4 30. Rh4 Qf3+ 31. Kh2 Re6 32. Qg5 Ke8 33. Bc5 Bc6 34. Qg8+ Kd7 35. Qb8 Qf6 36. Qxa7+ Ke8 37. Qb8+ Qd8 38. Qxd8+ Kxd8 39. Bd4 Re1 40. Bxh7 Bb5 41. Bg6 Rf3 42. a4 Bc4 43. Rh7 Re6 44. Bh5 Ra3 45. Bg4 Ra6 46. Rd7+ Ke8 47. Rb7 Ra2 48. Bf5 Rh6+ 49. Kg2 Ba6 50. Ra7 Kd8 51. Be3 Rh5 52. Bg6 Be2 53. Bxh5 Bxh5 54. c3 Kc8 55. Bd4 Kb8 56. a5 Bg4 57. Rg7 Bf5 58. g4 Be4+ 59. Kg3 Rxa5 60. f3 1-0

[Event "ESP-chT Honor Division 2022"]
[Site "Linares"]
[Date "2022.09.18"]
[Round "2.8"]
[White "Tabatabaei, M. Amin"]
[Black "Santos Latasa, Jaime"]
[Result "0-1"]
[ECO "C50"]
[WhiteElo "2651"]
[BlackElo "2680"]
[Annotator "ChessBase"]
[PlyCount "162"]
[EventDate "2022.09.17"]
[EventType "team-tourn"]
[EventCountry "ESP"]
[SourceTitle "playchess.com"]
[Source "ChessBase"]
[SourceQuality "1"]
[TimeControl "5400+30"]

1. e4 e5 2. Nf3 Nc6 3. Bc4 Bc5 4. O-O Nf6 5. d3 d6 6. c3 a5 7. Re1 O-O 8. h3 h6 9. Nbd2 Be6 10. Bb5 Bb6 11. Nc4 Bc5 12. Ba4 Bxc4 13. dxc4 Nh7 14. Bc2 Qf6 15. Qe2 Ng5 16. Nxg5 hxg5 17. Rf1 Nd8 18. Qg4 Ne6 19. g3 g6 20. Kg2 Kg7 21. Qf3 Qxf3+ 22. Kxf3 f5 23. exf5 gxf5 24. Bd2 Bb6 25. Rae1 Kf6 26. Kg2 Rh8 27. Rh1 c6 28. Bc1 Rad8 29. Rd1 e4 30. g4 Nf4+ 31. Bxf4 gxf4 32. f3 Ke5 33. h4 exf3+ 34. Kxf3 fxg4+ 35. Kxg4 Rdg8+ 36. Kf3 Rg3+ 37. Ke2 Rg2+ 38. Kd3 Rhg8 39. Rhe1+ Kf6 40. Bb3 Kf5 41. Rd2 R8g3+ 42. Kc2 Rxd2+ 43. Kxd2 Be3+ 44. Kd1 Rh3 45. Bc2+ Ke5 46. a3 Rxh4 47. b4 Rh2 48. Re2 Rh1+ 49. Re1 Rh2 50. Re2 Rh8 51. bxa5 Rh1+ 52. Re1 Rh5 53. Bg6 Rg5 54. Bd3 Kf6 55. Rh1 Rxa5 56. Rh6+ Ke7 57. Rh7+ Ke6 58. Rxb7 Rxa3 59. Kc2 f3 60. Kb2 Ra8 61. Be4 f2 62. Bxc6 Rf8 63. Bd5+ Kf6 64. Bg2 Rg8 65. Bh3 Rg3 66. Bf1 Rg1 67. Bh3 f1=Q 68. Bxf1 Rxf1 69. Rh7 Rf2+ 70. Kb3 Bc5 71. Rh5 Rf5 72. Rh4 Ke5 73. Ka4 Rf4 74. Rh5+ Ke4 75. Kb3 Rf5 76. Rh4+ Kd3 77. Rh3+ Be3 78. Rh8 Rf7 79. Rb8 Rf1 80. Rd8 Rb1+ 81. Ka2 Rb6 0-1

[Event "ESP-chT Honor Division 2022"]
[Site "Linares"]
[Date "2022.09.18"]
[Round "2.9"]
[White "Pichot, Alan"]
[Black "Iturrizaga Bonelli, Eduardo"]
[Result "1/2-1/2"]
[ECO "B15"]
[WhiteElo "2641"]
[BlackElo "2630"]
[Annotator "ChessBase"]
[PlyCount "62"]
[EventDate "2022.09.17"]
[EventType "team-tourn"]
[EventCountry "ESP"]
[SourceTitle "playchess.com"]
[Source "ChessBase"]
[SourceQuality "1"]
[TimeControl "5400+30"]

1. e4 c6 2. d4 d5 3. Nc3 dxe4 4. Nxe4 Nf6 5. Nxf6+ exf6 6. c3 Bd6 7. Bd3 O-O 8. Qc2 Re8+ 9. Ne2 h5 10. O-O h4 11. h3 Nd7 12. Bd2 Nf8 13. Rae1 g6 14. Nf4 Be6 15. Re2 Bc7 16. Nxe6 Rxe6 17. Rxe6 Nxe6 18. Re1 f5 19. Bc4 Nf4 20. Qb3 Qd7 21. Qd1 Re8 22. Rxe8+ Qxe8 23. Qf3 Qe4 24. Qxe4 fxe4 25. Kf1 Kf8 26. Bxf4 Bxf4 27. Ke2 b5 28. Bb3 Bc1 29. Bc2 Bxb2 30. Bxe4 Bxc3 31. Bxc6 Bxd4 1/2-1/2

[Event "ESP-chT Honor Division 2022"]
[Site "Linares"]
[Date "2022.09.18"]
[Round "2.10"]
[White "Yuffa, Daniil"]
[Black "Perez Candelario, Manuel"]
[Result "1/2-1/2"]
[ECO "D37"]
[WhiteElo "2600"]
[BlackElo "2566"]
[Annotator "ChessBase"]
[PlyCount "64"]
[EventDate "2022.09.17"]
[EventType "team-tourn"]
[EventCountry "ESP"]
[SourceTitle "playchess.com"]
[Source "ChessBase"]
[SourceQuality "1"]
[TimeControl "5400+30"]

1. d4 d5 2. c4 e6 3. Nf3 Nf6 4. Nc3 a6 5. cxd5 exd5 6. Bg5 Be6 7. e3 Nbd7 8. Bf4 h6 9. Bd3 g5 10. Bg3 Nh5 11. Be5 Nhf6 12. Qb3 g4 13. Bxf6 Qxf6 14. Ne5 Nxe5 15. dxe5 Qxe5 16. Qxb7 Rd8 17. Qxa6 Bd6 18. Qa4+ Ke7 19. Rd1 Ra8 20. Qd4 c5 21. Qxe5 Bxe5 22. Bb1 d4 23. exd4 cxd4 24. Ne2 Bxa2 25. Bxa2 Rxa2 26. Nxd4 Rxb2 27. O-O Kf6 28. Nc6 Rc8 29. Nxe5 Kxe5 30. Rfe1+ Kf6 31. Rd4 h5 32. g3 Rc5 1/2-1/2

[Event "ESP-chT Honor Division 2022"]
[Site "Linares"]
[Date "2022.09.18"]
[Round "2.11"]
[White "Stefanova, Antoaneta"]
[Black "Ibarra Jerez, Jose Carlos"]
[Result "1/2-1/2"]
[ECO "D02"]
[WhiteElo "2472"]
[BlackElo "2570"]
[Annotator "ChessBase"]
[PlyCount "61"]
[EventDate "2022.09.17"]
[EventType "team-tourn"]
[EventCountry "ESP"]
[SourceTitle "playchess.com"]
[Source "ChessBase"]
[SourceQuality "1"]
[TimeControl "5400+30"]

1. d4 d5 2. Nf3 e6 3. Bf4 Nf6 4. e3 Bd6 5. Bg3 c5 6. c4 cxd4 7. Nxd4 Bxg3 8. hxg3 e5 9. Nb3 Bg4 10. Be2 Bxe2 11. Qxe2 Nc6 12. Nc3 dxc4 13. Qxc4 O-O 14. Rd1 Qe7 15. Nc5 Rfd8 16. O-O Rxd1 17. Rxd1 Rd8 18. Rxd8+ Nxd8 19. Nd5 Nxd5 20. Qxd5 h5 21. b4 Kh7 22. f4 exf4 23. exf4 Kg8 24. Kh2 h4 25. Qe4 hxg3+ 26. Kxg3 Qxe4 27. Nxe4 Kf8 28. Kf2 Ke7 29. Ke3 f5 30. Nc3 a6 31. g3 1/2-1/2

[Event "ESP-chT Honor Division 2022"]
[Site "Linares"]
[Date "2022.09.18"]
[Round "2.12"]
[White "Batsiashvili, Nino"]
[Black "Moreno Tejera, Emilio"]
[Result "1/2-1/2"]
[ECO "E73"]
[WhiteElo "2477"]
[BlackElo "2411"]
[Annotator "ChessBase"]
[PlyCount "149"]
[EventDate "2022.09.17"]
[EventType "team-tourn"]
[EventCountry "ESP"]
[SourceTitle "playchess.com"]
[Source "ChessBase"]
[SourceQuality "1"]
[TimeControl "5400+30"]

1. d4 Nf6 2. c4 g6 3. Nc3 Bg7 4. e4 d6 5. Be2 O-O 6. Be3 c5 7. d5 e6 8. Nf3 exd5 9. cxd5 b5 10. e5 Ng4 11. Bg5 f6 12. exf6 Nxf6 13. Nxb5 Bb7 14. O-O a6 15. Nc3 Nbd7 16. a4 Qc7 17. a5 Rae8 18. Ra4 Kh8 19. Re1 Ne5 20. Nxe5 Rxe5 21. f4 Re3 22. Bf3 Rxe1+ 23. Qxe1 Re8 24. Qd2 Bc8 25. h3 Bf5 26. Bh4 Qb7 27. Bf2 Rb8 28. Be2 Bc8 29. Ra2 Qb4 30. Qe3 Qb7 31. Qd3 Qf7 32. Qf3 Rb4 33. Bd3 Bb7 34. f5 Nxd5 35. fxg6 Qxf3 36. gxf3 Nf4 37. Be4 d5 38. Bf5 hxg6 39. Bg4 Nd3 40. Be6 Nf4 41. Bg4 d4 42. Na4 Bd5 43. Ra1 Nd3 44. Bc8 Bc6 45. Nxc5 Nxc5 46. Rc1 Rb5 47. b4 Bd7 48. Bxd7 Nxd7 49. Rc6 Rxb4 50. Rxa6 Ne5 51. Rd6 Nxf3+ 52. Kg2 Ng5 53. a6 Ra4 54. Rxg6 Ne4 55. Re6 Nc5 56. Rd6 Nxa6 57. Kf3 Kh7 58. h4 Nc5 59. Rd5 Nd3 60. Bg1 Nb4 61. Rd7 Nc6 62. Bh2 Ra3+ 63. Kg4 Re3 64. Bf4 Re6 65. Kf5 Re2 66. h5 Ne7+ 67. Kg4 Re6 68. Bg5 Nc6 69. Kf5 Re5+ 70. Kf4 Kg8 71. h6 Bxh6 72. Bxh6 Re7 73. Rxe7 Nxe7 74. Ke4 Kf7 75. Kxd4 1/2-1/2

[Event "ESP-chT Honor Division 2022"]
[Site "Linares"]
[Date "2022.09.18"]
[Round "2.13"]
[White "Gines Esteo, Pedro Antonio"]
[Black "Kryvoruchko, Yuriy"]
[Result "0-1"]
[ECO "D35"]
[WhiteElo "2505"]
[BlackElo "2669"]
[Annotator "ChessBase"]
[PlyCount "88"]
[EventDate "2022.09.17"]
[EventType "team-tourn"]
[EventCountry "ESP"]
[SourceTitle "playchess.com"]
[Source "ChessBase"]
[SourceQuality "1"]
[TimeControl "5400+30"]

1. d4 Nf6 2. c4 e6 3. Nc3 d5 4. cxd5 exd5 5. Bg5 c6 6. e3 h6 7. Bh4 Be7 8. Qc2 O-O 9. Bd3 a5 10. Nf3 Nbd7 11. O-O Re8 12. Bg3 Bf8 13. h3 b5 14. Rad1 Bb7 15. Ne5 Nxe5 16. dxe5 Nd7 17. f4 Nc5 18. Bh7+ Kh8 19. Ne4 Nxe4 20. Bxe4 Qb6 21. Bd3 Bc5 22. Qe2 Bxe3+ 23. Kh1 d4 24. Qh5 c5 25. Qf5 Qg6 26. Qxg6 fxg6 27. Bxg6 Rec8 28. f5 Bd5 29. f6 Rf8 30. f7 Ra6 31. e6 Rxe6 32. Bh5 g6 33. Bg4 Rb6 34. Bc7 Rc6 35. Be5+ Kh7 36. Bd7 Rb6 37. Be8 Re6 38. Bc7 Bc4 39. Rfe1 a4 40. a3 Kg7 41. Bb8 Bb3 42. Ba7 Bxd1 43. Rxd1 Re5 44. Bb8 Rexe8 0-1

[Event "ESP-chT Honor Division 2022"]
[Site "Linares"]
[Date "2022.09.18"]
[Round "2.14"]
[White "Anton Guijarro, David"]
[Black "Ayats Llobera, Gerard"]
[Result "1-0"]
[ECO "A05"]
[WhiteElo "2662"]
[BlackElo "2451"]
[Annotator "ChessBase"]
[PlyCount "95"]
[EventDate "2022.09.17"]
[EventType "team-tourn"]
[EventCountry "ESP"]
[SourceTitle "playchess.com"]
[Source "ChessBase"]
[SourceQuality "1"]
[TimeControl "5400+30"]

1. Nf3 Nf6 2. c4 g6 3. Nc3 Bg7 4. e4 d6 5. d4 O-O 6. h3 e5 7. d5 a5 8. g4 Na6 9. Be3 Nc5 10. Nd2 b6 11. Be2 Ne8 12. h4 f5 13. g5 Bd7 14. h5 f4 15. Bxc5 dxc5 16. h6 Bh8 17. Bg4 f3 18. Bxd7 Qxd7 19. Qa4 Qe7 20. Rg1 Nd6 21. O-O-O Rf4 22. Qc6 Raf8 23. b3 R4f7 24. Rg3 Qd8 25. Nb5 Qb8 26. Re1 Nb7 27. Nc3 Nd8 28. Qa4 c6 29. Re3 Qd6 30. Rgxf3 Rf4 31. Rd3 Rxf3 32. Nxf3 Qd7 33. Nb1 b5 34. Qxa5 Ne6 35. Nbd2 Nf4 36. Re3 Ng2 37. Rc3 Nf4 38. dxc6 Qxc6 39. cxb5 Ne2+ 40. Kb2 Qb7 41. Rxc5 Nd4 42. Qc7 Qa8 43. b6 Ne6 44. Qc6 Nxc5 45. Qxc5 Rf7 46. a4 Qd8 47. a5 Qa8 48. Qb5 1-0

[Event "ESP-chT Honor Division 2022"]
[Site "Linares"]
[Date "2022.09.18"]
[Round "2.15"]
[White "Martinez Fernandez, Adrian"]
[Black "Kuzubov, Yuriy"]
[Result "1/2-1/2"]
[ECO "B51"]
[WhiteElo "2338"]
[BlackElo "2627"]
[Annotator "ChessBase"]
[PlyCount "66"]
[EventDate "2022.09.17"]
[EventType "team-tourn"]
[EventCountry "ESP"]
[SourceTitle "playchess.com"]
[Source "ChessBase"]
[SourceQuality "1"]
[TimeControl "5400+30"]

1. e4 c5 2. Nf3 d6 3. Bb5+ Nc6 4. O-O Bd7 5. Re1 Nf6 6. c3 a6 7. Bf1 Bg4 8. d4 cxd4 9. cxd4 e5 10. d5 Nd4 11. Be3 Nxf3+ 12. gxf3 Bd7 13. Nd2 b5 14. a4 Be7 15. axb5 axb5 16. Rxa8 Qxa8 17. Qa1 O-O 18. Rc1 Qb7 19. Qa7 Qxa7 20. Bxa7 Ra8 21. Rc7 Kf8 22. Rb7 Bd8 23. Bb8 Be7 24. Bxb5 Ra1+ 25. Nf1 Bxb5 26. Rxb5 Nh5 27. Bc7 f5 28. Rb6 Nf4 29. Bxd6 Bxd6 30. Rxd6 Ne2+ 31. Kg2 Nf4+ 32. Kg1 Ne2+ 33. Kg2 Nf4+ 1/2-1/2

[Event "ESP-chT Honor Division 2022"]
[Site "Linares"]
[Date "2022.09.18"]
[Round "2.16"]
[White "Forcen Esteban, Daniel"]
[Black "Masague Artero, Guerau"]
[Result "1-0"]
[ECO "B31"]
[WhiteElo "2580"]
[BlackElo "2308"]
[Annotator "ChessBase"]
[PlyCount "79"]
[EventDate "2022.09.17"]
[EventType "team-tourn"]
[EventCountry "ESP"]
[SourceTitle "playchess.com"]
[Source "ChessBase"]
[SourceQuality "1"]
[TimeControl "5400+30"]

1. e4 c5 2. Nf3 Nc6 3. Bb5 g6 4. Bxc6 dxc6 5. d3 Bg7 6. h3 Nf6 7. Nc3 Nd7 8. Be3 e5 9. Qd2 h6 10. O-O b6 11. Nh2 Nf8 12. f4 exf4 13. Bxf4 Be6 14. Nf3 g5 15. Bg3 Ng6 16. Rae1 O-O 17. e5 Bd5 18. Ne4 Bxe4 19. Rxe4 f5 20. exf6 Qxf6 21. b3 Rae8 22. Qe2 Re7 23. Kh2 Nf4 24. Qe1 Rxe4 25. Qxe4 Nh5 26. Nd2 Nxg3 27. Qc4+ Kh8 28. Rxf6 Bxf6 29. Qe6 Nh5 30. Ne4 Bg7 31. g3 Nf6 32. Nd6 Nd5 33. Nf5 Rf6 34. Qe8+ Bf8 35. Qe5 Bg7 36. Qe8+ Bf8 37. Nxh6 Kg7 38. Ng4 Rf5 39. Qe6 Ne7 40. Kg2 1-0

[Event "ESP-chT Honor Division 2022"]
[Site "Linares"]
[Date "2022.09.18"]
[Round "2.17"]
[White "Rodriguez Redondo, Adhara"]
[Black "Buksa, Nataliya"]
[Result "0-1"]
[ECO "C50"]
[WhiteElo "2112"]
[BlackElo "2407"]
[Annotator "ChessBase"]
[PlyCount "138"]
[EventDate "2022.09.17"]
[EventType "team-tourn"]
[EventCountry "ESP"]
[SourceTitle "playchess.com"]
[Source "ChessBase"]
[SourceQuality "1"]
[TimeControl "5400+30"]

1. e4 e5 2. Nf3 Nc6 3. Bc4 Bc5 4. O-O Nf6 5. d3 h6 6. a4 a5 7. c3 d6 8. Re1 O-O 9. Nbd2 Ba7 10. Nf1 Be6 11. Bxe6 fxe6 12. Be3 Bxe3 13. Nxe3 Qe8 14. g3 Rd8 15. Nh4 d5 16. Ng4 Qf7 17. Nxf6+ Qxf6 18. Qe2 d4 19. Rad1 Rf7 20. Rd2 Qe7 21. Qd1 b6 22. Ng2 Nb8 23. Qb3 g5 24. Qb5 Qd6 25. Rf1 Nd7 26. cxd4 Qxd4 27. Ne3 Nc5 28. Rfd1 Kg7 29. b3 Qc3 30. Rc2 Qd4 31. Rcd2 h5 32. Qc4 Qxc4 33. Nxc4 Kf6 34. d4 exd4 35. Rxd4 Rxd4 36. Rxd4 Nxb3 37. Rd8 Nc5 38. Rh8 Nxe4 39. Rxh5 Nc5 40. Rh6+ Kg7 41. Rh5 Rf5 42. Ne3 Re5 43. h4 Nxa4 44. hxg5 b5 45. Ng4 Re1+ 46. Kg2 Nc3 47. Nf6 Nd5 48. f4 b4 49. Rh7+ Kg6 50. Rh6+ Kf5 51. Nxd5 exd5 52. Kf3 Rf1+ 53. Kg2 Rc1 54. Rf6+ Kg4 55. g6 Rc2+ 56. Kf1 Kf3 57. Re6 b3 58. g7 b2 59. Re1 Rf2+ 60. Kg1 Rg2+ 61. Kf1 Rxg3 62. Rb1 Rxg7 63. Rxb2 Kxf4 64. Rb5 d4 65. Ke2 Ke4 66. Rxa5 Rg2+ 67. Kd1 Ke3 68. Re5+ Kd3 69. Kc1 Rc2+ 0-1